 Dungeon Crawl Stone Soup version 0.24-a0-479-g9a978d2894 (console) character file.

Game seed: 655334340914731212

948 nht the Slicer (level 7, -4/52 HPs)
             Began as a Vampire Berserker on July 6, 2019.
             Was a Priest of Trog.
             Slain by a phantom (7 damage)
             ... on level 5 of the Dungeon.
             The game lasted 00:07:21 (2658 turns).

nht the Slicer (Vampire Berserker)                  Turns: 2658, Time: 00:07:22

Health: -4/52      AC:  2    Str: 21    XL:     7   Next: 89%
Magic:  7/7        EV: 13    Int:  9    God:    Trog [***...]
Gold:   257        SH:  0    Dex: 16    Spells: 6/6 levels left

rFire    . . .     SeeInvis +   i - +0 dagger (elec)
rCold    . . .     Gourm    .   (no shield)
rNeg     + . .     Faith    .   b - +0 animal skin
rPois    .         Spirit   .   (no helmet)
rElec    .         Reflect  .   (no cloak)
rCorr    .         Harm     .   (no gloves)
MR       .....                  (no boots)
Stlth    ++........             (no amulet)
HPRegen  0.37/turn              k - ring of positive energy
MPRegen  0.10/turn              (no ring)

@: mighty, berserk cooldown, very slightly contaminated, regenerating quickly,
slowed, invisible, very slow
A: no food, fangs 3, see invisible, unbreathing
a: Exsanguinate, Berserk, Trog's Hand, Renounce Religion


You were on level 5 of the Dungeon.
You worshipped Trog.
Trog was most pleased with you.
You were alive.

You visited 1 branch of the dungeon, and saw 5 of its levels.

You collected 257 gold pieces.

Inventory:

Hand Weapons
 a - a +0 short sword
 h - a +2 dagger of draining
 i - a +0 dagger of electrocution (weapon)
 q - a +3 war axe
Missiles
 n - 37 poisoned darts (quivered)
Armour
 b - a +0 animal skin (worn)
Jewellery
 k - a ring of positive energy (left hand)
 p - an uncursed ring of fire
Scrolls
 e - 3 scrolls of remove curse {unknown}
 f - 2 scrolls of enchant weapon {unknown}
 j - 3 scrolls of teleportation {unknown}
 m - a scroll of magic mapping {unknown}
Potions
 c - 2 potions of curing
 g - a potion of haste
 l - 2 potions of brilliance
 o - a potion of lignification
 s - 3 potions of agility {unknown}


   Skills:
 - Level 3.1 Fighting
 * Level 9.8 Short Blades
 - Level 1.0 Throwing
 - Level 1.5 Armour
 - Level 2.8 Dodging
 - Level 2.0 Stealth


You had 6 spell levels left.
You didn't know any spells.
Your spell library was empty.

Dungeon Overview and Level Annotations

Branches:
Dungeon (5/15)             Temple (0/1) D:5

Altars:


Innate Abilities, Weirdness & Mutations

You do not eat.
Your natural rate of healing is unusually fast.
You have razor-sharp teeth.
You have supernaturally acute eyesight. (SInv)
You can survive without breathing.


Message History

The phantom hits you!
* * * LOW HITPOINT WARNING * * *
The phantom blinks!
You feel a strong urge to attack something.
You closely miss the phantom.
The phantom is heavily damaged.
You barely miss the phantom.
The phantom is heavily damaged.
The phantom blinks!
You are no longer berserk.
You are exhausted.
You feel yourself slow down.
You aren't carrying any items that you can evoke.
It was a potion of invisibility.
You fade into invisibility!
You are very lightly contaminated with residual magic.
It was a potion of might.
You feel very mighty all of a sudden. The phantom hits you!
You die...

...█......███........8...8....██
.█........██.......÷█8.>.8.....██
.█...........(.....[.8...8......█
.............█.....>██8.8█......█
...........███......██..).....███
.....█...████......█.█.<██...██
.....███.█ █..██..██........██
......█..████...█.....██....█
.>.....(...((.).@.......█....█
......█..........W..>.....(....
.....███.......................
..... █........████..!.....█...█
.... █........█ .......████.█ █..
█..........███.....██ █
█.........█.█ ..█ ......██.....
..█ ...██..)...██


You could see a phantom.

Vanquished Creatures
  Sigmund (D:3)
  Edmund (D:4)
  An ogre (D:5)
  A centaur (D:5)
  A howler monkey (D:5)
  2 orc priests
  2 orc wizards (D:5)
  Jessica (D:3)
  An iguana (D:5)
  Natasha (thrice) (D:3)
  2 worker ants (D:4)
  Terence (D:3)
  A gnoll (D:1)
  4 adders
  A shadow imp (D:2)
  An ooze (D:1)
  An adder zombie (D:5)
  4 worms
  3 dart slugs
  4 leopard geckos
  10 orcs
  3 ball pythons
  5 bats
  2 giant cockroaches
  6 goblins
  9 hobgoblins
  4 jackals (D:2)
  10 kobolds
  2 frilled lizards (D:2)
  A leopard gecko skeleton (D:5)
  6 rats
94 creatures vanquished.

Notes
Turn   | Place    | Note
-------+----------+-------------------------------------------
     0 | D:1      | nht the Vampire Berserker began the quest for the Orb.
     0 | D:1      | Reached XP level 1. HP: 17/17 MP: 1/1
   118 | D:1      | Reached skill level 1 in Stealth
   118 | D:1      | Reached XP level 2. HP: 23/23 MP: 2/2
   217 | D:1      | Reached XP level 3. HP: 28/28 MP: 3/3
   365 | D:1      | Reached ** piety under Trog
   643 | D:2      | Reached skill level 4 in Short Blades
   646 | D:2      | Reached skill level 1 in Throwing
   732 | D:2      | Reached XP level 4. HP: 35/35 MP: 4/4
  1153 | D:3      | Reached skill level 5 in Short Blades
  1153 | D:3      | Reached XP level 5. HP: 41/41 MP: 5/5
  1256 | D:3      | Reached *** piety under Trog
  1333 | D:3      | Noticed Terence
  1336 | D:3      | Noticed Natasha
  1340 | D:3      | Killed Terence
  1344 | D:3      | Killed Natasha
  1356 | D:3      | Noticed Natasha
  1362 | D:3      | Killed Natasha
  1362 | D:3      | Reached skill level 6 in Short Blades
  1498 | D:3      | Noticed Jessica
  1503 | D:3      | Killed Jessica
  1518 | D:3      | Noticed Sigmund
  1526 | D:3      | Killed Sigmund
  1526 | D:3      | Reached skill level 7 in Short Blades
  1526 | D:3      | Reached XP level 6. HP: 39/47 MP: 6/6
  1551 | D:3      | Noticed Natasha
  1577 | D:3      | Killed Natasha
  1855 | D:4      | Reached XP level 7. HP: 52/52 MP: 7/7
  1961 | D:4      | Reached skill level 8 in Short Blades
  2220 | D:5      | Entered Level 5 of the Dungeon
  2346 | D:5      | Found a staircase to the Ecumenical Temple.
  2360 | D:5      | Noticed Edmund
  2404 | D:4      | Killed Edmund
  2494 | D:5      | Reached skill level 9 in Short Blades
  2651 | D:5      | HP: 2/78 [phantom (10)]
  2658 | D:5      | Slain by a phantom

Levels and vault maps discovered:
D:1:      scummos_arrival_forest, layout_basic
D:2:      layout_basic, serial_rivers, chequers_serial_rivers_marsh,
          chequers_serial_rivers_room_b, chequers_serial_rivers_micro_c,
          chequers_serial_rivers_small_b, minmay_3d_cube
D:3:      layout_basic, first_ration, uniq_jessica, uniq_terence, uniq_sigmund,
          uniq_natasha
D:4:      layout_basic
D:5:      layout_cave_pools, minmay_temple_entry_statues,
          gammafunk_ghost_gnarly_gnolls, uniq_edmund

Skill      XL: |  1  2  3  4  5  6  7 |
---------------+----------------------+-----
Stealth        | 1 2 |  2.0
Fighting       | 3 |  3.1
Short Blades   | 4 5 7 9 |  9.8
Throwing       | 1 |  1.0
Armour         | |  1.5
Dodging        | |  2.8

Action                   |  1- 3 |  4- 6 |  7- 9 || total
-------------------------+-------+-------+-------++-------
Melee: Short sword       |    84 |       |       ||    84
       Bite              |     7 |     9 |     8 ||    24
       Dagger            |     6 |   117 |    68 ||   191
Invok: Berserk           |     5 |     1 |     3 ||     9
  Use: Scroll            |       |     5 |       ||     5
       Potion            |       |       |     2 ||     2
 Stab: Sleeping          |     1 |     2 |     2 ||     5
Armor: Animal skin       |    16 |    12 |     4 ||    32
Dodge: Dodged            |    62 |    63 |    27 ||   152

Table legend:
 A = Non-vault XP
 B = Vault XP
 C = Vault XP percentage of total XP
 D = Non-vault monster count
 E = Vault monster count
 F = Vault count percentage of total count
                 A         B        C        D         E       F
            +---------+---------+-------+---------+---------+-------
      Total |     851 |     504 |  37.2 |      85 |       9 |   9.6
            +---------+---------+-------+---------+---------+-------
        D:1 |      64 |       0 |   0.0 |      26 |       0 |   0.0
        D:2 |      77 |       5 |   6.1 |      20 |       4 |  16.7
        D:3 |     157 |     335 |  68.1 |      17 |       4 |  19.0
        D:4 |     141 |     164 |  53.8 |       9 |       1 |  10.0
        D:5 |     412 |       0 |   0.0 |      13 |       0 |   0.0
            +---------+---------+-------+---------+---------+-------
